AoeStats
← 葛瓦斯

Golden Pit

509282137Analyzed
1v1 RM · 7d ago on Sep 26, 2026· 55m 11s· 2 players
Game mode
Random Map
Map size
Tiny (2 player)
Population
200
Speed
Normal
Resources
Standard
Victory
Conquest
Starting age
Dark Age
Ending age
Imperial Age
RankedLock teamsTeams togetherTeam positionsShared explorationLock speedFull tech treeHidden civsTurbo modeCheats
Victory
Defeat
🇨🇳 Teutons · China
888
+15
🇨🇳 Poles · China
866
-15
葛瓦斯
12:05 Feudal Age
12:42 Horse Collar
16:32 Castle Age
15:54 Double-Bit Axe
18:25 Wheelbarrow
17:36 Loom
18:28 Wheelbarrow
17:39 Loom
22:52 Bow Saw
22:48 Heavy Plow
24:04 Bow Saw
25:29 Gold Mining
25:30 Stone Mining
26:48 Hand Cart
27:16 Stone Shaft Mining
28:17 Bloodlines
28:07 Husbandry
27:28 Light Cavalry
33:13 Imperial Age
30:50 Szlachta Privileges
31:01 Forging
30:52 Scale Mail Armor
30:57 Scale Barding Armor
30:44 Fletching
32:44 Iron Casting
32:49 Masonry
32:51 Fortified Wall
34:17 Conscription
33:34 Winged Hussar
34:37 Lechitic Legacy
34:21 Squires
33:44 Capped Ram
36:46 Siege Ram
36:51 Elite Obuch
38:07 Hoardings
37:50 Chain Mail Armor
38:48 Blast Furnace
38:09 Chain Barding Armor
40:21 Chemistry
39:18 Murder Holes
40:44 Fletching
41:36 Plate Mail Armor
40:57 Fletching
46:55 Ballistics
46:42 Siege Engineers
51:53 Treadmill Crane
zt198204232022
0:36 Loom
11:34 Feudal Age
12:27 Double-Bit Axe
12:30 Horse Collar
19:56 Castle Age
18:07 Town Watch
18:58 Wheelbarrow
18:30 Fletching
18:41 Stone Mining
19:03 Gold Mining
20:40 Scale Mail Armor
20:14 Pikeman
23:18 Heavy Plow
25:15 Bow Saw
25:52 Masonry
26:30 Fervor
33:04 Imperial Age
30:56 Hand Cart
31:25 Ballistics
31:21 Forging
31:17 Squires
31:03 Arson
32:41 Bodkin Arrow
33:04 Chain Mail Armor
33:24 Iron Casting
33:49 Ironclad
34:50 Chemistry
35:00 Two-Man Saw
35:04 Crop Rotation
36:02 Crenellations
36:24 Conscription
38:02 Hoardings
37:20 Halberdier
39:04 Town Patrol
39:19 Siege Engineers
40:39 Stone Shaft Mining
39:48 Elite Teutonic Knight
43:11 Blast Furnace
42:42 Plate Mail Armor
42:18 Scale Barding Armor
42:33 Gambesons
45:03 Sanctity
45:07 Heresy
46:22 Guilds
46:35 Chain Barding Armor
46:57 Devotion
50:49 Cavalier
51:39 Bloodlines
Connection lost

Rejoining the realm…

Still unreachable

The connection could not be restored.

Session expired

The server has moved on; the page needs a fresh start.